[Event "Prague Open 2024"]
[Site "Prague"]
[Date "2024.01.05"]
[Round "1.1"]
[White "Topencik, Bruno"]
[Black "Agdestein, Simen"]
[Result "0-1"]
[ECO "B20"]
[WhiteElo "1874"]
[BlackElo "2568"]
[Annotator "TA"]
[PlyCount "86"]
[EventDate "2024.01.02"]
[EventType "swiss"]
[EventCountry "CZE"]
[SourceTitle "playchess.com"]
[Source "ChessBase"]
[SourceQuality "1"]
[TimeControl "40/5400+30:1800+30"]

1. e4 c5 2. Be2 Nc6 3. f4 d5 4. d3 Nf6 5. e5 Nd7 6. Nf3 e6 7. O-O Be7 8. c4 Nb6 {[%emt 0:03:28] B21: Sicilian: 2 f4 and Morra Gambit.} 9. Nc3 O-O 10. Bd2 f6 {[%emt 0:01:44] [#] The position is equal.} 11. exf6 $146 ({Predecessor:} 11. Be1 Bd7 12. Bg3 fxe5 13. fxe5 Be8 14. Kh1 Bg6 15. Qd2 Qd7 16. Rad1 Rad8 17. Qc1 h6 18. b3 {½-½ Schoepf,U (2165)-Schoenthier,F (2270) Oberliga NRW 8788 II 1987 (1)}) 11... Bxf6 12. Qc2 (12. a4 $5 ) 12... Bd7 13. Rae1 Be8 14. Nd1 Qd6 15. Nf2 Bg6 16. Qc1 Nd4 17. Bc3 {[%emt 0:06:24] [#] Bxd4 is the strong threat.} Nxe2+ 18. Rxe2 Bxc3 ({Reject} 18... dxc4 19. dxc4 Bxc3 20. Qxc3 $11) 19. Qxc3 Rxf4 20. Rfe1 Re8 21. Ne5 Bh5 22. Qd2 Ref8 {[%emt 0:03:05] Black is more active.} 23. Nh3 (23. g3 $17 {was the only defense.} Bxe2 24. gxf4) 23... R4f6 24. Rf2 Rxf2 25. Nxf2 {[%emt 0:00:20] Excellent horsemanship.} dxc4 26. Qg5 (26. Qc3 $17) 26... Rf5 27. Qe3 Nd5 28. Nxc4 {[%emt 0:01:21] [#]} Qxh2+ 29. Kxh2 Nxe3 30. Rxe3 {[%emt 0:00:57] aiming for Ne4.} Rxf2 $19 {[%emt 0:00:03][%mdl 4096] Endgame KRB-KRN} 31. Re5 Be8 32. Rxc5 Bc6 33. Rg5 h6 34. Rg4 b5 35. Ne5 Bd5 36. b4 (36. Rb4 $142) 36... Rxa2 37. Kg1 g5 38. Nd7 Kf7 {[%emt 0:00:38] Dodges Nf6} 39. Ne5+ Kf6 40. Nd7+ Kf5 41. Rg3 h5 {[%emt 0:03:51][%cal Bh6h5,Bh5h4][%mdl 32] Strongly threatening ...g4.} 42. Kh1 Kf4 43. Kh2 h4 {[%emt 0:00:11][%mdl 64] Deflection.   Weighted Error Value: White=0.66/Black=0.10 (very precise)} 0-1

[Event "Prague Open 2024"]
[Site "Prague"]
[Date "2024.01.05"]
[Round "1.2"]
[White "Poetsch, Hagen"]
[Black "Stary, Vojtech"]
[Result "1-0"]
[ECO "B47"]
[WhiteElo "2471"]
[BlackElo "1873"]
[Annotator "TA"]
[PlyCount "57"]
[EventDate "2024.01.02"]
[EventType "swiss"]
[EventCountry "CZE"]
[SourceTitle "playchess.com"]
[Source "ChessBase"]
[SourceQuality "1"]
[TimeControl "40/5400+30:1800+30"]

1. e4 c5 2. Ne2 e6 3. d4 cxd4 4. Nxd4 Nc6 5. Nc3 Qc7 6. Ncb5 {B47: Sicilian: Taimanov: 5 Nc3 Qc7 6 f4, 6 g3 and 6 Be2.} Qb8 7. Bd3 a6 8. Nxc6 {The position is equal.} bxc6 9. Nd4 {[#]} Bc5 $146 ({Predecessor:} 9... Nf6 10. O-O c5 11. Nf3 c4 12. Bxc4 Nxe4 13. Re1 Bb7 14. Qd4 Nf6 15. Ne5 Be7 {½-½ Antipov,M (2597)-Zhou,J (2557) US Masters op 2023 (6)}) 10. Nb3 Bb6 11. Qg4 Kf8 12. O-O Nf6 13. Qh4 d5 {[#]} ({Black should play} 13... Bd8 $14) 14. e5 Nd7 $14 15. Be3 $36 {[%mdl 2048] White has some pressure.} (15. Bxh7 $2 Ke8 16. Re1 Nf8 $19) 15... a5 16. Rae1 (16. Bxh7 $2 Ke8 17. Rfe1 Bxe3 18. Rxe3 Nf8 $19) 16... Ba6 17. Bxa6 Rxa6 18. f4 {[%cal Bf2f4,Bf4f5,Bf5g6,Bg6g7][%mdl 32] Strongly threatening f5.} Bd8 $2 (18... Qd8 $11 {and Black has nothing to worry.} 19. Qxd8+ Bxd8) 19. Qh3 (19. Qf2 $18 {aiming for f5.} g6 20. Nd4) 19... a4 $16 20. Nc5 {White is more active.} Nxc5 21. Bxc5+ Be7 {Black is weak on the dark squares} (21... Kg8 $16 {might work better.}) 22. Bxe7+ $18 Kxe7 23. f5 Qb6+ 24. Kh1 c5 25. Qg3 (25. Rf4 $18) 25... g6 $2 (25... Kf8 $16 26. fxe6 Qxe6) 26. Qh4+ {White is clearly winning.} Ke8 (26... Kd7 $142 27. fxe6+ fxe6 28. Rf7+ (28. Qf6 Qd8 $18) 28... Kc6) 27. fxg6 {Threatening mate with g7.} Ra7 28. g7 {[%mdl 64] [#] Deflection} Rg8 29. Qxh7 {Weighted Error Value: White=0.18 (very precise) /Black=0.43} 1-0

[Event "Prague Open 2024"]
[Site "Prague"]
[Date "2024.01.05"]
[Round "1.3"]
[White "Korenek, Frantisek"]
[Black "Shagbazyan, Taron"]
[Result "0-1"]
[ECO "A05"]
[WhiteElo "1870"]
[BlackElo "2403"]
[Annotator "RC"]
[PlyCount "68"]
[EventDate "2024.01.02"]
[EventType "swiss"]
[EventCountry "CZE"]
[SourceTitle "playchess.com"]
[Source "ChessBase"]
[SourceQuality "1"]
[TimeControl "40/5400+30:1800+30"]

1. Nf3 Nf6 2. g3 d5 3. d4 c6 4. Bg2 Bf5 5. O-O e6 6. c4 Be7 7. Nc3 h6 8. cxd5 exd5 9. a3 a5 10. Re1 O-O 11. b3 Nbd7 12. Bb2 Re8 13. e3 Bf8 14. Nd2 Nb6 15. Qe2 Nc8 16. Rec1 Nd6 17. Na4 g5 18. h3 h5 19. Nc5 Bh6 20. Nf3 g4 21. hxg4 Nxg4 22. Ne5 f6 23. Nxg4 hxg4 24. Kh2 Qe7 25. Rh1 Qh7 26. Kg1 Qg6 27. Rd1 Re7 28. Nd3 Ne4 29. Nf4 Bxf4 30. gxf4 Rae8 31. Rh4 Rh7 32. Rxh7 Qxh7 33. f3 gxf3 34. Qxf3 Kf7 0-1

[Event "Prague Open 2024"]
[Site "Prague"]
[Date "2024.01.05"]
[Round "1.4"]
[White "Neuman, Petr"]
[Black "Verner, Matej"]
[Result "1-0"]
[ECO "D34"]
[WhiteElo "2398"]
[BlackElo "1870"]
[Annotator "RC"]
[PlyCount "57"]
[EventDate "2024.01.02"]
[EventType "swiss"]
[EventCountry "CZE"]
[SourceTitle "playchess.com"]
[Source "ChessBase"]
[SourceQuality "1"]
[TimeControl "40/5400+30:1800+30"]

1. d4 d5 2. c4 e6 3. Nc3 c5 4. cxd5 exd5 5. Nf3 Nc6 6. g3 Nf6 7. Bg2 Be7 8. O-O O-O 9. dxc5 Bxc5 10. Na4 Be7 11. Be3 Re8 12. Rc1 Bg4 13. h3 Bh5 14. Nc5 Qb6 15. Nd3 Qa6 16. a3 Bd6 17. Bc5 Bxc5 18. Rxc5 d4 19. Nf4 Bxf3 20. Bxf3 Rad8 21. Qd3 Ne5 22. Qxa6 Nxf3+ 23. exf3 bxa6 24. Rd1 Nd7 25. Rc7 Ne5 26. Kg2 d3 27. Rxa7 g5 28. Nh5 Kf8 29. Nf6 1-0

[Event "Prague Open 2024"]
[Site "Prague"]
[Date "2024.01.05"]
[Round "1.5"]
[White "Gabadadze, Gabriel"]
[Black "Sowinski, Pawel"]
[Result "0-1"]
[ECO "B13"]
[WhiteElo "1865"]
[BlackElo "2357"]
[Annotator "RC"]
[PlyCount "118"]
[EventDate "2024.01.02"]
[EventType "swiss"]
[EventCountry "CZE"]
[SourceTitle "playchess.com"]
[Source "ChessBase"]
[SourceQuality "1"]
[TimeControl "40/5400+30:1800+30"]

1. e4 c6 2. d4 d5 3. exd5 cxd5 4. Bd3 Nc6 5. c3 g6 6. Nf3 Nf6 7. h3 Bf5 8. Ne5 Bg7 9. O-O O-O 10. Bxf5 gxf5 11. Bf4 e6 12. Nd2 Qe7 13. Ndf3 Ne4 14. Nd3 f6 15. Re1 Kh8 16. Nh4 Qf7 17. Qf3 Rg8 18. Kh1 e5 19. Bh2 f4 20. Rad1 Rae8 21. dxe5 fxe5 22. Rxe4 dxe4 23. Qxe4 Bf6 24. Nf3 Qg6 25. Nd2 Rd8 26. Qxg6 hxg6 27. Ne4 Be7 28. Kg1 Rd5 29. Kf1 b5 30. Ke2 b4 31. f3 bxc3 32. bxc3 Rgd8 33. Rd2 Na5 34. Nb2 Ba3 35. Rxd5 Rxd5 36. Nd3 Nc4 37. Bg1 Ra5 38. Kd1 Be7 39. Nc1 Bd8 40. Kc2 Bb6 41. Bxb6 axb6 42. Kd3 Ne3 43. g4 Kg7 44. Ke2 Kf7 45. Kd3 Ra8 46. Ke2 Ke6 47. Kd3 Kd5 48. Ng5 Nc4 49. Ne4 Nd6 50. Ng5 Ra4 51. Ne2 b5 52. h4 Rxa2 53. h5 gxh5 54. gxh5 Nc4 55. Ne4 Ra1 56. h6 Rf1 57. Nf6+ Ke6 58. h7 Rxf3+ 59. Kc2 Rh3 0-1

[Event "Prague Open 2024"]
[Site "Prague"]
[Date "2024.01.05"]
[Round "1.6"]
[White "Ivanov, Mike"]
[Black "Kolar, Dan"]
[Result "1-0"]
[ECO "A05"]
[WhiteElo "2356"]
[BlackElo "1864"]
[Annotator "RC"]
[PlyCount "75"]
[EventDate "2024.01.02"]
[EventType "swiss"]
[EventCountry "CZE"]
[SourceTitle "playchess.com"]
[Source "ChessBase"]
[SourceQuality "1"]
[TimeControl "40/5400+30:1800+30"]

1. Nf3 Nf6 2. g3 c5 3. Bg2 g6 4. O-O Bg7 5. c3 O-O 6. d4 cxd4 7. cxd4 d5 8. Nc3 e6 9. Bf4 Bd7 10. Qb3 Qb6 11. Qxb6 axb6 12. Ne5 Rc8 13. Nxd7 Nbxd7 14. Rfd1 h6 15. h4 b5 16. Nxb5 Rc2 17. Rd2 Rxd2 18. Bxd2 Ne4 19. Be1 Bf8 20. Nc3 Nxc3 21. Bxc3 f5 22. a4 b5 23. a5 b4 24. Bd2 Nb8 25. e3 Na6 26. Bf1 Kf7 27. Rc1 Ra7 28. Rc8 h5 29. Kg2 Nc7 30. Rb8 Na6 31. Rb6 Nc7 32. Bxb4 Na8 33. Bxf8 Nxb6 34. axb6 Rb7 35. Bc5 Ke8 36. Ba6 Rb8 37. b7 Kd7 38. Ba7 1-0

[Event "Prague Open 2024"]
[Site "Prague"]
[Date "2024.01.05"]
[Round "1.7"]
[White "Stary, Lukas"]
[Black "Gomes, Mary Ann"]
[Result "0-1"]
[ECO "A04"]
[WhiteElo "1864"]
[BlackElo "2332"]
[Annotator "RC"]
[PlyCount "60"]
[EventDate "2024.01.02"]
[EventType "swiss"]
[EventCountry "CZE"]
[SourceTitle "playchess.com"]
[Source "ChessBase"]
[SourceQuality "1"]
[TimeControl "40/5400+30:1800+30"]

1. Nf3 c5 2. c4 Nc6 3. d4 cxd4 4. Nxd4 Nf6 5. Nc3 g6 6. g3 Bg7 7. Bg2 O-O 8. O-O Nxd4 9. Qxd4 d6 10. Qd3 Nd7 11. e4 Ne5 12. Qe2 Bg4 13. f3 Be6 14. Nd5 Rc8 15. Bg5 f6 16. Be3 Nxc4 17. Bxa7 Bxd5 18. exd5 b6 19. Rac1 Qc7 20. Kh1 Qxa7 21. Rxc4 Rxc4 22. Qxc4 f5 23. Rb1 Qa8 24. a4 Rc8 25. Qb5 Rc5 26. Qxb6 Qxa4 27. f4 Rc2 28. Qe3 Bf6 29. b4 Rxg2 30. Kxg2 Qc2+ 0-1

[Event "Prague Open 2024"]
[Site "Prague"]
[Date "2024.01.05"]
[Round "1.8"]
[White "Berin, Artem"]
[Black "Chiszko, Oskar"]
[Result "1-0"]
[ECO "E95"]
[WhiteElo "2327"]
[BlackElo "1862"]
[Annotator "RC"]
[PlyCount "159"]
[EventDate "2024.01.02"]
[EventType "swiss"]
[EventCountry "CZE"]
[SourceTitle "playchess.com"]
[Source "ChessBase"]
[SourceQuality "1"]
[TimeControl "40/5400+30:1800+30"]

1. d4 Nf6 2. c4 g6 3. Nc3 Bg7 4. e4 d6 5. Be2 Nbd7 6. Nf3 e5 7. O-O O-O 8. Re1 b6 9. Bf1 exd4 10. Nxd4 Bb7 11. f3 Re8 12. Be3 a6 13. Qd2 Ne5 14. Rad1 Qd7 15. b3 Rad8 16. Nd5 c5 17. Nc2 Nxd5 18. cxd5 f5 19. h3 fxe4 20. fxe4 b5 21. b4 Rc8 22. Rc1 Nf7 23. Bf4 Bb2 24. Rb1 Bf6 25. bxc5 dxc5 26. Be2 h5 27. Qd3 Kg7 28. Qg3 Kh7 29. Bf1 Ne5 30. Ne3 Qe7 31. Qh2 Rcd8 32. Kh1 Nf7 33. Bd3 Be5 34. Rf1 Rf8 35. Bc2 Bd4 36. a4 Ne5 37. Qg3 Rde8 38. Bg5 Qd6 39. Qh4 Rxf1+ 40. Rxf1 Rf8 41. Be7 Rxf1+ 42. Nxf1 Qd7 43. Qf6 Qe8 44. Bf8 Nd7 45. Qe7+ Qxe7 46. Bxe7 Bc3 47. axb5 axb5 48. Ne3 Ba6 49. d6 c4 50. Nd5 Ba5 51. Nc7 Bxc7 52. dxc7 Kg7 53. Kg1 Kf7 54. Bb4 Ke6 55. Kf2 Ne5 56. Ke3 Nc6 57. Be1 Kd7 58. Bg3 b4 59. Ba4 c3 60. Bf4 h4 61. g4 g5 62. Bh2 Bb7 63. Kd3 Ba6+ 64. Kc2 Bb7 65. Bb5 Kc8 66. Bc4 Kd7 67. Kd3 Na7 68. Ke3 Bc6 69. Bb3 Nc8 70. Kd4 Nb6 71. Kc5 Nc8 72. Kxb4 Bxe4 73. Kxc3 Bb7 74. Ba4+ Ke7 75. Kd4 Bg2 76. Bc2 Bb7 77. Bf5 Nb6 78. Kc5 Nd7+ 79. Kb5 Ke8 80. Bd6 1-0

[Event "Prague Open 2024"]
[Site "Prague"]
[Date "2024.01.05"]
[Round "1.9"]
[White "Rybacek, Martin"]
[Black "Mis, Mieszko"]
[Result "0-1"]
[ECO "E16"]
[WhiteElo "1861"]
[BlackElo "2301"]
[Annotator "RC"]
[PlyCount "64"]
[EventDate "2024.01.02"]
[EventType "swiss"]
[EventCountry "CZE"]
[SourceTitle "playchess.com"]
[Source "ChessBase"]
[SourceQuality "1"]
[TimeControl "40/5400+30:1800+30"]

1. d4 Nf6 2. Nf3 e6 3. g3 b6 4. Bg2 Bb7 5. c4 Bb4+ 6. Bd2 c5 7. O-O O-O 8. Bxb4 cxb4 9. Qb3 a5 10. a3 Na6 11. Nbd2 Qe7 12. Rac1 Rfc8 13. Rfd1 d6 14. Nf1 Rc7 15. Ne3 Rac8 16. Rd2 Ne4 17. Rdc2 Nec5 18. dxc5 Nxc5 19. Nd5 exd5 20. Qe3 Qxe3 21. fxe3 Nb3 22. Rd1 Rxc4 23. Rxc4 dxc4 24. axb4 axb4 25. Rxd6 Bxf3 26. Bxf3 c3 27. bxc3 bxc3 28. Be4 Na1 29. Rd1 c2 30. Rc1 b5 31. Kf2 b4 32. Bf5 b3 0-1

[Event "Prague Open 2024"]
[Site "Prague"]
[Date "2024.01.05"]
[Round "1.10"]
[White "Grave, Jacob Templen"]
[Black "Roubal, Matyas"]
[Result "1-0"]
[ECO "E91"]
[WhiteElo "2296"]
[BlackElo "1857"]
[Annotator "RC"]
[PlyCount "65"]
[EventDate "2024.01.02"]
[EventType "swiss"]
[EventCountry "CZE"]
[SourceTitle "playchess.com"]
[Source "ChessBase"]
[SourceQuality "1"]
[TimeControl "40/5400+30:1800+30"]

1. d4 Nf6 2. c4 g6 3. Nc3 Bg7 4. e4 d6 5. Nf3 O-O 6. Be2 c5 7. O-O cxd4 8. Nxd4 Nc6 9. Be3 Bd7 10. f3 Nxd4 11. Bxd4 a5 12. Qd2 Bc6 13. Rab1 Nd7 14. Be3 Nc5 15. b3 Be5 16. Rfc1 e6 17. Bg5 f6 18. Be3 f5 19. exf5 gxf5 20. f4 Bxc3 21. Qxc3 Ne4 22. Qd3 Rf6 23. Bf3 Rh6 24. Rb2 Kf7 25. g3 Qf6 26. Rg2 Rg8 27. a3 Rh3 28. b4 Qh6 29. b5 Rgxg3 30. bxc6 Rxf3 31. cxb7 Qf8 32. Qd4 Nc5 33. b8=Q 1-0

[Event "Prague Open 2024"]
[Site "Prague"]
[Date "2024.01.05"]
[Round "1.11"]
[White "Kapolka, Juraj"]
[Black "Morchiashvili, Bachana"]
[Result "0-1"]
[ECO "E92"]
[WhiteElo "1854"]
[BlackElo "2295"]
[Annotator "ChessBase"]
[PlyCount "79"]
[EventDate "2024.01.02"]
[EventType "swiss"]
[EventCountry "CZE"]
[SourceTitle "playchess.com"]
[Source "ChessBase"]
[SourceQuality "1"]
[TimeControl "40/5400+30:1800+30"]

1. d4 Nf6 2. c4 g6 3. Nf3 Bg7 4. Nc3 O-O 5. e4 d6 6. Be2 e5 7. d5 a5 8. O-O Na6 9. a3 Nc5 10. Qc2 a4 11. Be3 Nb3 12. Rad1 Bd7 13. h3 Nh5 14. Rfe1 f5 15. Bg5 Qe8 16. Bc1 Nxc1 17. Qxc1 Nf4 18. Kh2 fxe4 19. Nxe4 Bxh3 20. gxh3 Nxe2 21. Rxe2 Rxf3 22. Rg1 Qf8 23. Rg4 Bh6 24. Qc2 Rb3 25. Re1 Qf5 26. Qe2 Rf8 27. Rh4 Bf4+ 28. Kg2 h5 29. Rg1 Re3 30. fxe3 Qxe4+ 31. Qf3 Qc2+ 32. Qf2 Qxf2+ 33. Kxf2 Bg5+ 34. Kg3 Bxe3 35. Rg2 Bf4+ 36. Kf3 Bg5+ 37. Ke4 Bxh4 38. Rxg6+ Kh7 39. Rg2 Rf4+ 40. Ke3 0-1

[Event "Prague Open 2024"]
[Site "Prague"]
[Date "2024.01.05"]
[Round "1.12"]
[White "Keller, Peter"]
[Black "Roch, Florian"]
[Result "1-0"]
[ECO "B90"]
[WhiteElo "2289"]
[BlackElo "1854"]
[Annotator "RC"]
[PlyCount "101"]
[EventDate "2024.01.02"]
[EventType "swiss"]
[EventCountry "CZE"]
[SourceTitle "playchess.com"]
[Source "ChessBase"]
[SourceQuality "1"]
[TimeControl "40/5400+30:1800+30"]

1. e4 c5 2. Nf3 d6 3. d4 cxd4 4. Nxd4 Nf6 5. Nc3 a6 6. f3 e5 7. Nb3 Be6 8. Be3 Be7 9. Qd2 h5 10. Be2 Nbd7 11. Nd5 Nxd5 12. exd5 Bf5 13. O-O Qc7 14. c4 a5 15. a4 b6 16. f4 Bg4 17. Kh1 Nc5 18. Nxc5 bxc5 19. Bd3 Bf6 20. f5 h4 21. h3 Bh5 22. Bg5 Ke7 23. Bxf6+ gxf6 24. Rae1 Rag8 25. Rf2 Rg3 26. Re4 Qb6 27. Rxh4 Rxd3 28. Qxd3 Be2 29. Qg3 Rxh4 30. Qxh4 Qxb2 31. Kh2 Qc2 32. Qh5 Bxh5 33. Rxc2 Bd1 34. Rc3 Bxa4 35. g4 Bd1 36. Kg3 a4 37. Kf2 Kf8 38. Ke1 Bb3 39. Kd2 Kg7 40. Rc1 Kh6 41. h4 Ba2 42. Kc3 Bb3 43. Ra1 Kg7 44. Rg1 Ba2 45. g5 fxg5 46. hxg5 Kf8 47. Ra1 Bb3 48. Rh1 Ba2 49. Rh8+ Ke7 50. f6+ Kd7 51. g6 1-0

[Event "Prague Open 2024"]
[Site "Prague"]
[Date "2024.01.05"]
[Round "1.13"]
[White "Musil, Vitezslav"]
[Black "Tobak, Mikhail"]
[Result "0-1"]
[ECO "C55"]
[WhiteElo "1852"]
[BlackElo "2288"]
[Annotator "RC"]
[PlyCount "96"]
[EventDate "2024.01.02"]
[EventType "swiss"]
[EventCountry "CZE"]
[SourceTitle "playchess.com"]
[Source "ChessBase"]
[SourceQuality "1"]
[TimeControl "40/5400+30:1800+30"]

1. e4 Nc6 2. Nf3 e5 3. Bc4 Nf6 4. d3 h6 5. Be3 d6 6. c3 a6 7. Nbd2 b5 8. Bb3 Na5 9. Bc2 Ng4 10. O-O c5 11. Nb3 Nxe3 12. fxe3 Nc6 13. Qe1 Be7 14. d4 O-O 15. a4 b4 16. d5 Na5 17. cxb4 Nxb3 18. Bxb3 Rb8 19. Bc4 Rxb4 20. b3 Qb6 21. Qe2 Qa7 22. Nd2 Bd8 23. Rf2 Ba5 24. Raf1 Rb6 25. Nf3 Qe7 26. h3 h5 27. Kh2 h4 28. Rg1 f5 29. Rgf1 Rb8 30. exf5 e4 31. f6 Rxf6 32. Nxh4 Qe5+ 33. g3 Bd8 34. Rxf6 Bxf6 35. Ng6 Qg5 36. Nf4 Bd7 37. Qh5 Qxh5 38. Nxh5 Bc3 39. Nf4 Rb4 40. Ne2 Bd2 41. Nc1 Bxa4 42. Bxa6 Bb5 43. Bxb5 Rxb5 44. Ne2 Rxb3 45. Nf4 c4 46. Ng6 c3 47. Ne7+ Kh7 48. Rf4 Bxe3 0-1

[Event "Prague Open 2024"]
[Site "Prague"]
[Date "2024.01.05"]
[Round "1.14"]
[White "Jun, Rudolf"]
[Black "Platonovs, Nikolajs"]
[Result "1-0"]
[ECO "B52"]
[WhiteElo "2283"]
[BlackElo "1852"]
[Annotator "RC"]
[PlyCount "93"]
[EventDate "2024.01.02"]
[EventType "swiss"]
[EventCountry "CZE"]
[SourceTitle "playchess.com"]
[Source "ChessBase"]
[SourceQuality "1"]
[TimeControl "40/5400+30:1800+30"]

1. e4 c5 2. Nf3 d6 3. Bb5+ Bd7 4. Bxd7+ Qxd7 5. O-O Nc6 6. c4 Nf6 7. Re1 g6 8. d4 cxd4 9. Nxd4 Bg7 10. f3 O-O 11. Be3 Rfc8 12. Na3 a6 13. Rc1 Qc7 14. Nxc6 bxc6 15. Qd2 a5 16. b3 Nd7 17. Nc2 Rcb8 18. Rcd1 Rb7 19. Bg5 Nc5 20. Be3 Na6 21. f4 Rab8 22. Rb1 Nb4 23. Nd4 Na6 24. Nc2 Nb4 25. a3 Nxc2 26. Qxc2 c5 27. Red1 Rb6 28. e5 dxe5 29. Rd5 exf4 30. Rxc5 Qb7 31. Bf2 e5 32. Rd5 Re6 33. Qd2 Ree8 34. b4 Qc7 35. c5 e4 36. Rd7 Qe5 37. Bd4 e3 38. Bxe5 exd2 39. Bxb8 Re1+ 40. Kf2 Rxb1 41. Rxd2 axb4 42. Rd8+ Bf8 43. Bd6 bxa3 44. Rxf8+ Kg7 45. Ra8 Rb2+ 46. Kf3 Rb3+ 47. Ke4 1-0

[Event "Prague Open 2024"]
[Site "Prague"]
[Date "2024.01.05"]
[Round "1.15"]
[White "Bezeyko, Olexander"]
[Black "Vojta, Jakub"]
[Result "1-0"]
[ECO "B31"]
[WhiteElo "1851"]
[BlackElo "2261"]
[Annotator "RC"]
[PlyCount "101"]
[EventDate "2024.01.02"]
[EventType "swiss"]
[EventCountry "CZE"]
[SourceTitle "playchess.com"]
[Source "ChessBase"]
[SourceQuality "1"]
[TimeControl "40/5400+30:1800+30"]

1. e4 c5 2. Nf3 Nc6 3. Bb5 g6 4. O-O Bg7 5. c3 e5 6. d4 exd4 7. cxd4 cxd4 8. Bf4 Nge7 9. Bd6 O-O 10. Nbd2 a6 11. Bd3 b5 12. a4 b4 13. a5 Bb7 14. Nb3 Re8 15. Re1 Nc8 16. Bc5 d6 17. Bxd4 Nxd4 18. Nbxd4 Bxd4 19. Nxd4 Qf6 20. Qa4 Ne7 21. Qxb4 Rab8 22. Qa4 Rec8 23. Rab1 Rc5 24. Nf3 Bc6 25. Qa3 Qf4 26. b4 Rh5 27. Bxa6 Bxe4 28. Rxe4 Qxe4 29. Bd3 Rxa5 30. Qc3 Rc5 31. Qd2 Qd5 32. bxc5 Rxb1+ 33. Bxb1 Qxc5 34. g3 Kg7 35. Qb2+ Kg8 36. Ba2 Qf5 37. Qb8+ Nc8 38. Nd4 Qd7 39. Bd5 Kg7 40. Qb2 Kg8 41. Qb8 Kg7 42. Qb2 Kg8 43. Qb3 Kg7 44. Kg2 h6 45. h4 Qe7 46. Nc6 Qc7 47. Qb2+ f6 48. Nd4 Qb6 49. Ne6+ Kf7 50. Qc3 Ne7 51. Nc7+ 1-0

[Event "Prague Open 2024"]
[Site "Prague"]
[Date "2024.01.05"]
[Round "1.17"]
[White "Lechowski, Witold"]
[Black "Xie, Felix"]
[Result "0-1"]
[ECO "A05"]
[WhiteElo "1850"]
[BlackElo "2249"]
[Annotator "ChessBase"]
[PlyCount "80"]
[EventDate "2024.01.02"]
[EventType "swiss"]
[EventCountry "CZE"]
[SourceTitle "playchess.com"]
[Source "ChessBase"]
[SourceQuality "1"]
[TimeControl "40/5400+30:1800+30"]

1. Nf3 Nf6 2. g3 d5 3. Bg2 c5 4. O-O e6 5. c4 d4 6. d3 Nc6 7. e3 Bd6 8. exd4 cxd4 9. Na3 e5 10. Re1 Bg4 11. h3 Bxf3 12. Bxf3 Nd7 13. Nc2 O-O 14. Rb1 a5 15. b3 f5 16. a3 Qf6 17. Bd5+ Kh8 18. Qh5 Be7 19. f4 Bd6 20. g4 fxg4 21. hxg4 g6 22. Qh3 Rae8 23. g5 Qg7 24. b4 exf4 25. Bb2 Be5 26. b5 Nd8 27. Re2 Rf5 28. Rg2 Nc5 29. Re1 Ref8 30. Qf3 Re8 31. Rxe5 Rexe5 32. Bxd4 Nde6 33. Bxe5 Qxe5 34. Re2 Rxg5+ 35. Kf1 Qf5 36. d4 Rg3 37. Qh1 f3 38. Rd2 Nb3 39. Qh2 Nxd2+ 40. Qxd2 Qh3+ 0-1

[Event "Prague Open 2024"]
[Site "Prague"]
[Date "2024.01.05"]
[Round "1.18"]
[White "Bednar, Marcel"]
[Black "Sedlak, Milan"]
[Result "1-0"]
[ECO "E91"]
[WhiteElo "2249"]
[BlackElo "1850"]
[Annotator "ChessBase"]
[PlyCount "73"]
[EventDate "2024.01.02"]
[EventType "swiss"]
[EventCountry "CZE"]
[SourceTitle "playchess.com"]
[Source "ChessBase"]
[SourceQuality "1"]
[TimeControl "40/5400+30:1800+30"]

1. d4 g6 2. Nf3 Bg7 3. c4 Nf6 4. Nc3 d6 5. e4 O-O 6. Be2 Na6 7. Bg5 h6 8. Be3 Ng4 9. Bc1 e5 10. O-O c6 11. dxe5 dxe5 12. b3 Qe7 13. a4 Rd8 14. Ba3 Rxd1 15. Bxe7 Rxf1+ 16. Kxf1 f5 17. Rd1 Be6 18. b4 Nc7 19. b5 Kf7 20. Bd8 Rc8 21. bxc6 bxc6 22. h3 Nf6 23. exf5 Bxf5 24. Nxe5+ Ke8 25. Nxc6 Nd7 26. Nb5 Nxb5 27. axb5 Rxd8 28. Nxd8 Kxd8 29. g4 Be6 30. c5 Kc7 31. Rd6 Bf7 32. Rc6+ Kb8 33. b6 axb6 34. cxb6 Ne5 35. Rc7 Bf8 36. f4 Bd6 37. Ra7 1-0

[Event "Prague Open 2024"]
[Site "Prague"]
[Date "2024.01.05"]
[Round "1.19"]
[White "Chon, Yongjoon"]
[Black "Eliseev, Sergey"]
[Result "0-1"]
[ECO "D11"]
[WhiteElo "1843"]
[BlackElo "2232"]
[Annotator "ChessBase"]
[PlyCount "60"]
[EventDate "2024.01.02"]
[EventType "swiss"]
[EventCountry "CZE"]
[SourceTitle "playchess.com"]
[Source "ChessBase"]
[SourceQuality "1"]
[TimeControl "40/5400+30:1800+30"]

1. d4 d5 2. c4 c6 3. Nf3 Nf6 4. g3 Bf5 5. Nc3 e6 6. Nh4 dxc4 7. Nxf5 exf5 8. e3 Bd6 9. Bxc4 O-O 10. O-O Nbd7 11. f3 c5 12. d5 h5 13. Kg2 h4 14. Bd2 Qb8 15. Be1 Re8 16. Bf2 a6 17. a4 g6 18. Bb3 Kg7 19. Bc2 Qc7 20. a5 Rh8 21. e4 hxg3 22. hxg3 f4 23. g4 Ne5 24. Rh1 Nfxg4 25. Rxh8 Rxh8 26. fxg4 f3+ 27. Kg1 Qd7 28. Bg3 Qxg4 29. Kf2 Rh2+ 30. Bxh2 Qg2+ 0-1

[Event "Prague Open 2024"]
[Site "Prague"]
[Date "2024.01.05"]
[Round "1.20"]
[White "Brnusak, Tomas"]
[Black "Zemek, Antonin"]
[Result "1-0"]
[ECO "C17"]
[WhiteElo "2229"]
[BlackElo "1841"]
[Annotator "RC"]
[PlyCount "93"]
[EventDate "2024.01.02"]
[EventType "swiss"]
[EventCountry "CZE"]
[SourceTitle "playchess.com"]
[Source "ChessBase"]
[SourceQuality "1"]
[TimeControl "40/5400+30:1800+30"]

1. e4 e6 2. d4 d5 3. Nc3 Bb4 4. e5 c5 5. Bd2 Nc6 6. Nb5 Nge7 7. c3 Ba5 8. Nd6+ Kf8 9. Qf3 Nf5 10. Nxf5 exf5 11. dxc5 Nxe5 12. Qe3 Qf6 13. Qd4 Be6 14. Nh3 Re8 15. O-O-O h6 16. b3 Nd7 17. Bb5 Qxd4 18. cxd4 Bxd2+ 19. Kxd2 g5 20. Rhe1 Rd8 21. f4 Nf6 22. Bd3 g4 23. Nf2 Ne4+ 24. Bxe4 fxe4 25. Rc1 Rc8 26. Rc3 b5 27. cxb6 Rxc3 28. Kxc3 axb6 29. Kb4 Ke7 30. Rc1 Kd6 31. Nd1 Ra8 32. a4 Bd7 33. Ne3 f5 34. Rc2 h5 35. Ra2 Ra5 36. h3 Ke6 37. hxg4 hxg4 38. g3 Kf6 39. Rh2 Kg7 40. Rh1 Be6 41. Rc1 Ra8 42. Rc6 Kf7 43. Rxb6 Rh8 44. a5 Rh3 45. a6 Rxg3 46. a7 Rxe3 47. a8=Q 1-0